 Dungeon Crawl Stone Soup version 0.19.4-9-g45fd643 (webtiles) character file.

221 empire the Poker (level 5, 0/41 HPs)
             Began as a Mummy Fighter on Feb 16, 2017.
             Slain by a hippogriff (1 damage)
             ... on level 3 of the Dungeon.
             The game lasted 00:06:52 (3644 turns).

empire the Poker (Mummy Fighter)                    Turns: 3644, Time: 00:06:53

Health: 0/41       AC: 10    Str: 21    XL:     5   Next: 65%
Magic:  5/5        EV:  9    Int:  7    God:
Gold:   115        SH:  2    Dex: 11    Spells: 0 memorised, 4 levels left

rFire  x . .     SeeInvis .     b - +3 quarterstaff (chaos)
rCold  + . .     Gourm    .     h - +0 scale mail
rNeg   + + +     Faith    .     (shield currently unavailable)
rPois  ∞         Spirit   .     (no helmet)
rElec  .         Reflect  +     k - +0 cloak
rCorr  .         Harm     .     n - +0 pair of gloves (curse)
MR     .....                    e - +0 pair of boots
Stlth  ..........               j - +2 amulet of reflection
                                (no ring)
                                (no ring)

@: no status effects
A: no food or potions, fire vulnerability, cold resistance 1, negative energy
resistance 3, torment resistance, unbreathing
a: no special abilities


You were on level 3 of the Dungeon.
You were not hungry.

You visited 1 branch of the dungeon, and saw 3 of its levels.

You collected 115 gold pieces.

Inventory:

Hand Weapons
 a - a +0 trident
 b - a +3 quarterstaff of chaos (weapon)
 i - a +0 halberd
 l - a +0 spear
 q - a +2 flail of crushing
Armour
 c - a +0 shield
 e - a +0 pair of boots (worn)
 h - a +0 scale mail (worn)
 k - a +0 cloak (worn)
 n - a cursed +0 pair of gloves (worn)
Jewellery
 j - a +2 amulet of reflection (around neck)
Wands
 o - a wand of lightning (5/15)
Scrolls
 d - 2 scrolls of fog {unknown}
 g - a scroll of immolation {unknown}
 m - 2 scrolls of remove curse {unknown}
 p - a scroll of identify {unknown}


   Skills:
 - Level 3.0 Fighting
 * Level 3.6 Polearms
 + Level 3.4 Armour
 + Level 3.2 Shields
 * Level 0.0 Evocations


You had 4 spell levels left.
You didn't know any spells.

Dungeon Overview and Level Annotations

Branches:
Dungeon (3/15)

Altars:


Innate Abilities, Weirdness & Mutations

You do not eat or drink.
Your flesh is vulnerable to fire.
You are immune to poison.
Your flesh is cold resistant. (rC+)
You are immune to negative energy. (rN+++)
You are immune to unholy pain and torment.
You can survive without breathing.


Message History

The hippogriff is heavily wounded.
The hippogriff bites you but does no damage.
The hippogriff pecks you. The hippogriff claws you.
You barely miss the hippogriff.
The hippogriff is heavily wounded.
The hippogriff bites you but does no damage.
The hippogriff pecks you.
* * * LOW HITPOINT WARNING * * *
The hippogriff barely misses you.
You hit the hippogriff.
The hippogriff looks as sick as possible!
The hippogriff is severely wounded.
The hippogriff bites you but does no damage.
The hippogriff pecks you but does no damage.
The hippogriff claws you.
* * * LOW HITPOINT WARNING * * *
The hippogriff bites you.
* * * LOW HITPOINT WARNING * * *
The hippogriff pecks you.
You die...

#.###.........#'##
#.............#.#
#'########......#
............#####
...(#########
....# ###########
....# #.........#
....# ##'#######.#
#'#.###.....# #@#
#.#.........# #H#
#.#.........# #.#
#.#..[...#### #.#
#.######## #.. ..#
#.. ### #.. # #...
#


You could see a hippogriff.

Vanquished Creatures
  Crazy Yiuf (D:2)
  Jessica (D:2)
  Ijyb (D:3)
  5 adders (D:2)
  3 gnolls
  3 worms
  2 dart slugs
  3 leopard geckos
  8 bats
  2 giant cockroaches
  4 goblins
  8 hobgoblins
  6 frilled lizards
  9 kobolds
  2 rats
  A bush (D:2)
59 creatures vanquished.

Notes
Turn   | Place    | Note
-------+----------+-------------------------------------------
     0 | D:1      | empire the Mummy Fighter began the quest for the Orb.
     0 | D:1      | Reached XP level 1. HP: 18/18 MP: 1/1
   346 | D:1      | Reached XP level 2. HP: 18/24 MP: 2/2
   977 | D:2      | Reached XP level 3. HP: 17/29 MP: 3/3
  1474 | D:1      | Reached XP level 4. HP: 10/35 MP: 4/4
  2083 | D:2      | Noticed Jessica
  2099 | D:2      | Killed Jessica
  2099 | D:2      | Reached XP level 5. HP: 38/41 MP: 5/5
  2246 | D:2      | Found a runed door.
  2644 | D:2      | Noticed Crazy Yiuf
  2655 | D:2      | Killed Crazy Yiuf
  3057 | D:3      | Noticed Ijyb
  3064 | D:3      | Killed Ijyb
  3313 | D:3      | Noticed a hippogriff
  3327 | D:3      | HP: 2/41 [hippogriff (3)]
  3644 | D:3      | HP: 1/41 [hippogriff (5)]
  3644 | D:3      | Slain by a hippogriff

Skill      XL: |  1  2  3  4 |
---------------+-------------+-----
Polearms       | 2 3 |  3.6
Armour         | 3 |  3.4
Shields        | 3 |  3.2
Fighting       | |  3.0

Action                   |  1- 3 |  4- 6 || total
-------------------------+-------+-------++-------
Melee: Trident           |   163 |   206 ||   369
       Spear             |       |    33 ||    33
       Quarterstaff      |       |    34 ||    34
  Use: Scroll            |       |     1 ||     1
Armor: Scale mail        |    65 |    67 ||   132
Dodge: Dodged            |    61 |    55 ||   116
Block: Shield            |    79 |    55 ||   134
       Other             |       |     4 ||     4
